2079 views
Uploaded 2023-06-07 13:38:20
Game version 1.36 (6115)
44:51 long 2on2 ladder game on (4)Synergy_S2
Saved by Cabeelibob
2079 views
Uploaded 2023-06-07 13:38:20
Game version 1.36 (6115)
44:51 long 2on2 ladder game on (4)Synergy_S2


84 units @ 12.5k
/ 2k
61 buildings @ 10.9k
/ 4.8k
Reina
(2)
(44:39) : 

| Scroll of Regeneration | 3 | 300 |
| Lesser Clarity Potion | 1 | 70 |
| Scroll of Town Portal | 4 | 1400 |
| Boots of Speed | 1 | 250 |
| Potion of Lesser Invulnerability | 1 | 150 |
| total: | 10 | 2170g |
| Peasant | 25 | 1875 | / | 0 |
| Footman | 12 | 1620 | / | 0 |
| Knight | 9 | 2205 | / | 540 |
| Mortar Team | 11 | 1980 | / | 770 |
| total: | 57 | 7680g | / | 1310w |
| Scout Tower | 8 | 240 | / | 160 |
| Guard Tower | 8 | 560 | / | 400 |
| Altar of Kings | 1 | 180 | / | 50 |
| Farm | 12 | 960 | / | 240 |
| Barracks | 2 | 320 | / | 120 |
| Lumber Mill | 1 | 120 | / | 0 |
| Town Hall | 13 | 5005 | / | 2665 |
| Arcane Vault | 1 | 130 | / | 30 |
| Blacksmith | 1 | 140 | / | 60 |
| Workshop | 2 | 280 | / | 280 |
| Keep | 4 | 1280 | / | 840 |
| Castle | 1 | 360 | / | 210 |
| total: | 41 | 7375g | / | 3605w |
| 0:03 | Peasant |
| 0:03 | Peasant |
| 0:12 | Altar of Kings |
| 0:21 | Farm |
| 0:23 | Peasant |
| 0:32 | Peasant |
| 0:50 | Barracks |
| 0:53 | Peasant |
| 1:00 | Farm |
| 1:05 | Peasant |
| 1:12 | Peasant |
| 1:31 | Peasant |
| 1:37 | Scout Tower |
| 1:40 | Farm |
| 1:42 | Peasant |
| 1:58 | Footman |
| 2:01 | Lumber Mill |
| 2:08 | Peasant |
| 2:16 | Summon Water Elemental |
| 2:17 | Peasant |
| 2:24 | Peasant |
| 2:26 | Footman |
| 3:18 | Peasant |
| 3:18 | Peasant |
| 3:20 | Farm |
| 3:38 | Scout Tower |
| 3:44 | Scout Tower |
| 4:00 | Brilliance Aura |
| 4:08 | Town Hall |
| 4:13 | Footman |
| 4:16 | Arcane Vault |
| 4:22 | Scout Tower |
| 4:23 | Guard Tower |
| 4:37 | Footman |
| 4:39 | Keep |
| 4:59 | Guard Tower |
| 5:03 | Scout Tower |
| 5:28 | Guard Tower |
| 5:35 | Footman |
| 5:39 | Improved Lumber Harvesting |
| 5:39 | Improved Masonry |
| 5:55 | Footman |
| 5:55 | Footman |
| 6:09 | Footman |
| 6:26 | Footman |
| 6:36 | Footman |
| 6:47 | Farm |
| 6:48 | Farm |
| 6:50 | Blacksmith |
| 6:57 | Footman |
| 7:00 | Peasant |
| 7:04 | Summon Water Elemental |
| 7:23 | Castle |
| 7:27 | Barracks |
| 7:40 | Footman |
| 8:02 | Farm |
| 8:03 | Farm |
| 8:13 | Workshop |
| 8:17 | Advanced Lumber Harvesting |
| 8:18 | Advanced Masonry |
| 8:53 | Storm Bolt |
| 8:57 | Boots of Speed |
| 8:59 | Potion of Lesser Invulnerability |
| 9:47 | Animal War Training |
| 9:47 | Knight |
| 9:54 | Scroll of Regeneration |
| 9:54 | Scroll of Town Portal |
| 9:58 | Mortar Team |
| 9:58 | Mortar Team |
| 10:04 | Workshop |
| 10:15 | Mortar Team |
| 10:45 | Mortar Team |
| 10:47 | Mortar Team |
| 10:54 | Brilliance Aura |
| 11:22 | Knight |
| 11:26 | Farm |
| 11:26 | Farm |
| 11:35 | Mortar Team |
| 12:28 | Knight |
| 12:28 | Knight |
| 12:57 | Mortar Team |
| 12:59 | Imbued Masonry |
| 13:56 | Thunder Clap |
| 15:26 | Knight |
| 15:27 | Knight |
| 15:28 | Mortar Team |
| 15:28 | Mortar Team |
| 16:06 | Knight |
| 16:18 | Scroll of Regeneration |
| 16:18 | Lesser Clarity Potion |
| 16:47 | Mortar Team |
| 17:03 | Knight |
| 18:04 | Knight |
| 19:09 | Storm Bolt |
| 19:20 | Town Hall |
| 20:34 | Scroll of Town Portal |
| 20:44 | Scout Tower |
| 21:12 | Guard Tower |
| 21:31 | Town Hall |
| 21:39 | Town Hall |
| 21:52 | Farm |
| 21:52 | Farm |
| 22:58 | Mortar Team |
| 23:07 | Scroll of Regeneration |
| 24:03 | Summon Water Elemental |
| 24:28 | Scroll of Town Portal |
| 24:28 | Scroll of Town Portal |
| 25:18 | Peasant |
| 25:18 | Peasant |
| 25:18 | Peasant |
| 25:18 | Peasant |
| 25:18 | Peasant |
| 27:08 | Peasant |
| 27:52 | Keep |
| 28:45 | Town Hall |
| 28:57 | Town Hall |
| 29:53 | Town Hall |
| 31:17 | Town Hall |
| 31:27 | Scout Tower |
| 31:34 | Town Hall |
| 32:02 | Guard Tower |
| 33:06 | Peasant |
| 33:06 | Peasant |
| 34:47 | Town Hall |
| 37:13 | Town Hall |
| 37:28 | Thunder Clap |
| 39:22 | Town Hall |
| 41:32 | Scout Tower |
| 41:39 | Keep |
| 41:57 | Town Hall |
| 42:17 | Guard Tower |
| 43:11 | Peasant |
| 43:11 | Peasant |
| Select group | 5234 |
| Right click | 3549 |
| Select | 955 |
| Misc. action | 331 |
| Build/train/purchase | 193 |
| Assign group | 126 |
| Use ability | 78 |
| Resource trade | 37 |
| Esc | 15 |
| Minimap ping | 9 |



| Rod of Necromancy | 3 | 450 |
| Potion of Healing | 2 | 300 |
| Potion of Mana | 6 | 1200 |
| Lesser Clarity Potion | 6 | 420 |
| Orb of Corruption | 1 | 375 |
| Scroll of Town Portal | 6 | 2100 |
| Scroll of Healing | 1 | 250 |
| Boots of Speed | 2 | 500 |
| Staff of Teleportation | 1 | 150 |
| Potion of Lesser Invulnerability | 2 | 300 |
| Scroll of Regeneration | 1 | 100 |
| Mechanical Critter | 1 | 50 |
| total: | 32 | 6195g |
| Acolyte | 3 | 225 | / | 0 |
| Ghoul | 5 | 600 | / | 0 |
| Crypt Fiend | 11 | 2365 | / | 440 |
| Obsidian Statue | 8 | 1600 | / | 280 |
| total: | 27 | 4790g | / | 720w |
| Nerubian Tower | 1 | 100 | / | 20 |
| Altar of Darkness | 3 | 540 | / | 150 |
| Graveyard | 1 | 215 | / | 0 |
| Ziggurat | 7 | 1050 | / | 350 |
| Crypt | 2 | 400 | / | 100 |
| Tomb of Relics | 1 | 130 | / | 30 |
| Necropolis | 3 | 675 | / | 0 |
| Slaughterhouse | 1 | 140 | / | 135 |
| Boneyard | 2 | 350 | / | 400 |
| Halls of the Dead | 1 | 320 | / | 210 |
| Black Citadel | 1 | 325 | / | 230 |
| total: | 20 | 3500g | / | 1165w |
| 0:04 | Acolyte |
| 0:08 | Altar of Darkness |
| 0:10 | Graveyard |
| 0:15 | Ziggurat |
| 0:23 | Acolyte |
| 0:23 | Acolyte |
| 0:48 | Crypt |
| 1:16 | Tomb of Relics |
| 1:35 | Necropolis |
| 1:49 | Ghoul |
| 1:49 | Ghoul |
| 2:05 | Ghoul |
| 2:08 | Carrion Beetles |
| 2:10 | Crypt Fiend |
| 2:10 | Crypt Fiend |
| 2:25 | Rod of Necromancy |
| 2:25 | Rod of Necromancy |
| 3:06 | Crypt Fiend |
| 3:20 | Halls of the Dead |
| 3:40 | Crypt Fiend |
| 3:53 | Impale |
| 4:06 | Ziggurat |
| 4:49 | Boots of Speed |
| 4:50 | Staff of Teleportation |
| 4:52 | Crypt Fiend |
| 5:01 | Carrion Beetles |
| 5:26 | Crypt Fiend |
| 6:08 | Slaughterhouse |
| 6:34 | Crypt Fiend |
| 7:01 | Ziggurat |
| 7:04 | Potion of Healing |
| 7:04 | Potion of Mana |
| 7:11 | Lesser Clarity Potion |
| 7:14 | Death Coil |
| 7:30 | Obsidian Statue |
| 7:46 | Creature Attack |
| 8:06 | Impale |
| 8:25 | Unholy Aura |
| 8:47 | Black Citadel |
| 8:54 | Ghoul |
| 8:54 | Ghoul |
| 9:46 | Obsidian Statue |
| 9:50 | Rod of Necromancy |
| 10:00 | Crypt Fiend |
| 10:29 | Crypt Fiend |
| 10:52 | Scroll of Town Portal |
| 10:54 | Potion of Mana |
| 10:55 | Potion of Healing |
| 11:10 | Burrow |
| 11:12 | Web |
| 11:13 | Destroyer Form |
| 11:15 | Ziggurat |
| 11:18 | Ziggurat |
| 12:46 | Improved Creature Attack |
| 12:50 | Crypt |
| 12:51 | Ghoul Frenzy |
| 13:07 | Obsidian Statue |
| 13:16 | Scroll of Town Portal |
| 14:41 | Carrion Beetles |
| 15:29 | Death Coil |
| 15:43 | Crypt Fiend |
| 15:45 | Advanced Creature Attack |
| 15:46 | Obsidian Statue |
| 16:09 | Obsidian Statue |
| 16:11 | Creature Carapace |
| 16:44 | Lesser Clarity Potion |
| 16:45 | Lesser Clarity Potion |
| 16:48 | Potion of Mana |
| 16:49 | Scroll of Town Portal |
| 16:50 | Potion of Mana |
| 16:56 | Orb of Corruption |
| 17:17 | Potion of Mana |
| 17:19 | Potion of Mana |
| 17:55 | Obsidian Statue |
| 19:28 | Improved Creature Carapace |
| 19:30 | Boneyard |
| 19:31 | Boneyard |
| 19:33 | Ziggurat |
| 21:22 | Unholy Aura |
| 21:34 | Scroll of Town Portal |
| 22:25 | Carrion Swarm |
| 22:51 | Necropolis |
| 25:12 | Sleep |
| 25:46 | Obsidian Statue |
| 25:48 | Scroll of Town Portal |
| 25:49 | Potion of Lesser Invulnerability |
| 26:24 | Obsidian Statue |
| 26:51 | Locust Swarm |
| 26:53 | Carrion Swarm |
| 27:11 | Crypt Fiend |
| 27:30 | Scroll of Town Portal |
| 27:34 | Scroll of Healing |
| 28:34 | Death Coil |
| 29:59 | Necropolis |
| 30:27 | Boots of Speed |
| 30:28 | Potion of Lesser Invulnerability |
| 35:56 | Altar of Darkness |
| 39:39 | Sleep |
| 41:10 | Ziggurat |
| 41:59 | Altar of Darkness |
| 42:07 | Nerubian Tower |
| 42:44 | Lesser Clarity Potion |
| 42:45 | Lesser Clarity Potion |
| 42:45 | Lesser Clarity Potion |
| 42:47 | Scroll of Regeneration |
| 42:49 | Mechanical Critter |
| Select group | 2691 |
| Right click | 2440 |
| Select | 656 |
| Misc. action | 501 |
| Build/train/purchase | 171 |
| Use ability | 122 |
| Assign group | 63 |
| Resource trade | 23 |
| Item give/drop | 17 |
| Esc | 3 |
| Remove unit | 1 |
| Minimap ping | 1 |
95 units @ 9.5k
/ 1.4k
98 buildings @ 9k
/ 4.3k


| Orb of Venom | 1 | 325 |
| Scroll of Town Portal | 1 | 350 |
| total: | 2 | 675g |
| Wisp | 27 | 1620 | / | 0 |
| Archer | 10 | 1300 | / | 100 |
| Druid of the Talon | 7 | 1015 | / | 140 |
| total: | 44 | 3935g | / | 240w |
| Altar of Elders | 3 | 540 | / | 150 |
| Moon Well | 10 | 1800 | / | 400 |
| Ancient of War | 1 | 150 | / | 60 |
| Ancient of Wonders | 2 | 180 | / | 60 |
| Tree of Life | 5 | 1700 | / | 925 |
| Hunter's Hall | 1 | 210 | / | 100 |
| Ancient of Wind | 1 | 150 | / | 140 |
| Ancient of Lore | 1 | 155 | / | 145 |
| Tree of Ages | 1 | 320 | / | 180 |
| Tree of Eternity | 1 | 330 | / | 200 |
| total: | 24 | 4885g | / | 1980w |
| 0:02 | Wisp |
| 0:02 | Wisp |
| 0:06 | Altar of Elders |
| 0:09 | Altar of Elders |
| 0:11 | Wisp |
| 0:17 | Moon Well |
| 0:19 | Wisp |
| 0:32 | Wisp |
| 0:53 | Ancient of War |
| 0:55 | Wisp |
| 1:02 | Wisp |
| 1:25 | Moon Well |
| 1:27 | Wisp |
| 1:53 | Wisp |
| 1:56 | Archer |
| 2:12 | Mana Burn |
| 2:24 | Archer |
| 2:30 | Tree of Ages |
| 2:44 | Archer |
| 3:00 | Moon Well |
| 3:08 | Archer |
| 3:30 | Archer |
| 3:48 | Archer |
| 4:00 | Archer |
| 4:03 | Bash |
| 4:04 | Evasion |
| 5:31 | Archer |
| 5:55 | Archer |
| 5:55 | Improved Bows |
| 6:00 | Moon Well |
| 6:20 | Healing Spray |
| 6:59 | Wisp |
| 6:59 | Wisp |
| 7:41 | Acid Bomb |
| 7:56 | Ancient of Wind |
| 7:58 | Archer |
| 7:59 | Wisp |
| 8:15 | Storm Bolt |
| 8:16 | Mana Burn |
| 10:00 | Ancient of Wonders |
| 10:01 | Druid of the Talon |
| 10:02 | Druid of the Talon |
| 10:08 | Druid of the Talon Adept Training |
| 11:09 | Tree of Life |
| 11:21 | Tree of Eternity |
| 13:07 | Druid of the Talon |
| 14:15 | Healing Spray |
| 15:38 | Wisp |
| 15:38 | Wisp |
| 15:38 | Wisp |
| 15:38 | Wisp |
| 15:39 | Wisp |
| 16:10 | Druid of the Talon Master Training |
| 16:44 | Evasion |
| 16:47 | Druid of the Talon |
| 16:47 | Druid of the Talon |
| 16:57 | Orb of Venom |
| 16:58 | Scroll of Town Portal |
| 17:54 | Druid of the Talon |
| 19:22 | Tree of Life |
| 19:24 | Tree of Life |
| 21:01 | Hunter's Hall |
| 21:23 | Druid of the Talon |
| 21:29 | Tree of Life |
| 21:38 | Tree of Life |
| 24:13 | Wisp |
| 24:14 | Wisp |
| 24:14 | Wisp |
| 24:14 | Wisp |
| 24:14 | Wisp |
| 24:30 | Wisp |
| 24:30 | Wisp |
| 24:31 | Wisp |
| 24:31 | Wisp |
| 24:31 | Wisp |
| 25:20 | Ancient of Lore |
| 25:24 | Moon Well |
| 25:25 | Moon Well |
| 26:28 | Altar of Elders |
| 27:05 | Acid Bomb |
| 27:07 | Bash |
| 27:08 | Holy Light |
| 27:08 | Divine Shield |
| 27:15 | Moon Well |
| 27:16 | Moon Well |
| 27:24 | Ancient of Wonders |
| 30:38 | Moon Well |
| 30:39 | Moon Well |
| 37:37 | Mana Burn |
| 38:31 | Storm Bolt |
| 40:14 | Divine Shield |
| 43:27 | Healing Spray |
| Right click | 2475 |
| Select group | 921 |
| Select | 712 |
| Misc. action | 252 |
| Use ability | 188 |
| Build/train/purchase | 84 |
| Resource trade | 66 |
| Assign group | 33 |
| Esc | 9 |
| Minimap ping | 3 |
| Item give/drop | 2 |


| Peasant | 15 | 1125 | / | 0 |
| Mortar Team | 3 | 540 | / | 210 |
| Flying Machine | 27 | 2700 | / | 810 |
| Dragonhawk Rider | 6 | 1200 | / | 180 |
| total: | 51 | 5565g | / | 1200w |
| Scout Tower | 53 | 1590 | / | 1060 |
| Guard Tower | 36 | 2520 | / | 1800 |
| Altar of Kings | 1 | 180 | / | 50 |
| Farm | 11 | 880 | / | 220 |
| Lumber Mill | 1 | 120 | / | 0 |
| Blacksmith | 1 | 140 | / | 60 |
| Town Hall | 1 | 385 | / | 205 |
| Arcane Vault | 1 | 130 | / | 30 |
| Workshop | 4 | 560 | / | 560 |
| Gryphon Aviary | 1 | 140 | / | 150 |
| Keep | 1 | 320 | / | 210 |
| Castle | 1 | 360 | / | 210 |
| total: | 74 | 4125g | / | 2335w |
| 0:06 | Altar of Kings |
| 0:09 | Farm |
| 0:10 | Peasant |
| 0:17 | Peasant |
| 0:33 | Peasant |
| 0:48 | Lumber Mill |
| 0:58 | Peasant |
| 1:10 | Scout Tower |
| 1:12 | Peasant |
| 1:25 | Peasant |
| 1:33 | Scout Tower |
| 1:42 | Peasant |
| 1:56 | Improved Lumber Harvesting |
| 1:58 | Guard Tower |
| 2:01 | Peasant |
| 2:04 | Farm |
| 2:07 | Storm Bolt |
| 2:14 | Guard Tower |
| 2:21 | Farm |
| 2:33 | Improved Masonry |
| 2:41 | Scout Tower |
| 2:44 | Peasant |
| 3:03 | Peasant |
| 3:04 | Peasant |
| 3:08 | Scout Tower |
| 3:10 | Scout Tower |
| 3:11 | Guard Tower |
| 3:14 | Peasant |
| 3:15 | Peasant |
| 3:24 | Scout Tower |
| 3:39 | Guard Tower |
| 3:41 | Scout Tower |
| 3:43 | Guard Tower |
| 3:50 | Scout Tower |
| 3:56 | Scout Tower |
| 4:02 | Scout Tower |
| 4:06 | Peasant |
| 4:06 | Peasant |
| 4:10 | Guard Tower |
| 4:12 | Guard Tower |
| 4:21 | Scout Tower |
| 4:28 | Scout Tower |
| 4:33 | Scout Tower |
| 4:36 | Scout Tower |
| 4:40 | Scout Tower |
| 4:41 | Guard Tower |
| 4:42 | Guard Tower |
| 4:57 | Keep |
| 5:04 | Scout Tower |
| 5:07 | Guard Tower |
| 5:13 | Scout Tower |
| 5:19 | Scout Tower |
| 5:22 | Guard Tower |
| 5:31 | Scout Tower |
| 5:32 | Guard Tower |
| 5:35 | Guard Tower |
| 5:38 | Scout Tower |
| 5:41 | Scout Tower |
| 5:54 | Scout Tower |
| 5:55 | Guard Tower |
| 5:57 | Guard Tower |
| 6:08 | Guard Tower |
| 6:10 | Scout Tower |
| 6:15 | Scout Tower |
| 6:22 | Scout Tower |
| 6:23 | Guard Tower |
| 6:30 | Scout Tower |
| 6:31 | Guard Tower |
| 6:48 | Guard Tower |
| 6:50 | Guard Tower |
| 6:53 | Scout Tower |
| 6:55 | Guard Tower |
| 7:22 | Castle |
| 7:25 | Advanced Masonry |
| 7:29 | Guard Tower |
| 7:33 | Scout Tower |
| 7:34 | Scout Tower |
| 7:37 | Scout Tower |
| 7:47 | Blacksmith |
| 7:51 | Farm |
| 7:56 | Guard Tower |
| 8:01 | Guard Tower |
| 8:09 | Guard Tower |
| 8:18 | Farm |
| 8:25 | Guard Tower |
| 8:28 | Scout Tower |
| 9:29 | Scout Tower |
| 9:32 | Black Gunpowder |
| 9:34 | Workshop |
| 9:35 | Workshop |
| 9:37 | Workshop |
| 9:41 | Scout Tower |
| 9:52 | Imbued Masonry |
| 9:58 | Workshop |
| 10:02 | Guard Tower |
| 10:05 | Scout Tower |
| 10:16 | Farm |
| 10:23 | Farm |
| 10:27 | Guard Tower |
| 10:42 | Town Hall |
| 10:46 | Holy Light |
| 10:48 | Guard Tower |
| 10:50 | Fragmentation Shards |
| 10:50 | Flying Machine Bombs |
| 10:51 | Flak Cannons |
| 10:51 | Flare |
| 10:55 | Refined Gunpowder |
| 10:58 | Farm |
| 11:30 | Mortar Team |
| 11:38 | Farm |
| 12:23 | Imbued Gunpowder |
| 12:27 | Farm |
| 12:30 | Farm |
| 12:41 | Iron Plating |
| 12:52 | Flying Machine |
| 13:07 | Flying Machine |
| 13:22 | Flying Machine |
| 13:38 | Guard Tower |
| 14:54 | Flying Machine |
| 14:54 | Flying Machine |
| 14:55 | Flying Machine |
| 14:55 | Flying Machine |
| 14:55 | Flying Machine |
| 14:55 | Flying Machine |
| 14:55 | Flying Machine |
| 14:55 | Flying Machine |
| 15:35 | Flying Machine |
| 15:35 | Flying Machine |
| 16:10 | Flying Machine |
| 16:10 | Flying Machine |
| 16:25 | Gryphon Aviary |
| 16:38 | Arcane Vault |
| 17:07 | Flying Machine |
| 17:20 | Flying Machine |
| 17:27 | Cloud |
| 17:37 | Flying Machine |
| 18:06 | Steel Plating |
| 18:29 | Dragonhawk Rider |
| 19:33 | Dragonhawk Rider |
| 20:20 | Dragonhawk Rider |
| 20:45 | Dragonhawk Rider |
| 22:28 | Scout Tower |
| 22:29 | Scout Tower |
| 22:32 | Scout Tower |
| 22:32 | Scout Tower |
| 22:33 | Scout Tower |
| 22:53 | Flying Machine |
| 23:52 | Mortar Team |
| 24:07 | Scout Tower |
| 24:08 | Guard Tower |
| 24:11 | Scout Tower |
| 24:11 | Scout Tower |
| 24:12 | Scout Tower |
| 24:13 | Scout Tower |
| 25:17 | Guard Tower |
| 26:23 | Scout Tower |
| 26:23 | Scout Tower |
| 26:26 | Scout Tower |
| 26:27 | Scout Tower |
| 26:27 | Scout Tower |
| 26:39 | Mortar Team |
| 28:34 | Flying Machine |
| 28:34 | Flying Machine |
| 28:34 | Flying Machine |
| 28:34 | Flying Machine |
| 28:34 | Flying Machine |
| 28:34 | Flying Machine |
| 28:35 | Dragonhawk Rider |
| 28:35 | Dragonhawk Rider |
| 28:54 | Guard Tower |
| 28:59 | Scout Tower |
| 28:59 | Scout Tower |
| 29:00 | Scout Tower |
| 29:01 | Scout Tower |
| 29:44 | Guard Tower |
| 29:47 | Flying Machine |
| 29:47 | Flying Machine |
| 34:02 | Guard Tower |
| Right click | 1390 |
| Select group | 1249 |
| Select | 448 |
| Build/train/purchase | 117 |
| Misc. action | 36 |
| Assign group | 29 |
| Use ability | 6 |
| Chat | 6 |
| Esc | 2 |
| Remove unit | 1 |